 Dungeon Crawl Stone Soup version 0.26-a0-365-g11c2b627af (webtiles) character file.

Game seed: 7439439272437139127

20 AlyK the Slasher (level 2, -3/23 HPs)
             Began as a Gnoll Chaos Knight on July 19, 2020.
             Was a Plaything of Xom.
             Slain by a sun demon (10 damage)
             ... summoned by Xom
             ... on level 1 of the Dungeon.
             The game lasted 00:01:00 (934 turns).

AlyK the Slasher (Gnoll Chaos Knight)                Turns: 934, Time: 00:01:00

Health: -3/23      AC:  5    Str: 14    XL:     2   Next: 79%
Magic:  2/2        EV: 12    Int: 14    God:    Xom [....*.]
Gold:   10         SH:  0    Dex: 14    Spells: 2/2 levels left

rFire    . . .     SeeInvis .   a - +0 falchion (chaos)
rCold    . . .     Faith    .   (no shield)
rNeg     . . .     Spirit   .   b - +2 leather armour
rPois    .         Reflect  .   (no helmet)
rElec    .         Harm     .   (no cloak)
rCorr    .                      (no gloves)
MR       .....                  (no boots)
Stlth    +.........             (no amulet)
HPRegen  0.07/turn              (no ring)
MPRegen  0.08/turn              (no ring)

@: no status effects
A: distributed training, fangs 1, blurry vision 1, frail 2, screaming 1, strong
nose
a: Renounce Religion


You were on level 1 of the Dungeon.
You worshipped Xom.
You were a beloved toy of Xom.
You visited 1 branch of the dungeon, and saw 1 of its levels.

You collected 10 gold pieces.

Inventory:

Hand Weapons
 a - a +0 falchion of chaos (weapon)
Armour
 b - a +2 leather armour (worn)
Scrolls
 c - 2 scrolls of immolation {unknown}
 d - a scroll of magic mapping {unknown}
 f - a scroll of teleportation {unknown}
Potions
 e - a potion of curing {unknown}


   Skills:
 + Level 6.5 Fighting
 + Level 0.5 Short Blades
 + Level 6.5 Long Blades
 + Level 0.5 Axes
 + Level 0.5 Maces & Flails
 + Level 0.5 Polearms
 + Level 0.5 Staves
 + Level 0.5 Slings
 + Level 0.5 Bows
 + Level 0.5 Crossbows
 + Level 0.5 Throwing
 + Level 4.5 Armour
 + Level 2.5 Dodging
 + Level 0.5 Stealth
 + Level 0.5 Shields
 + Level 0.5 Unarmed Combat
 + Level 0.5 Spellcasting
 + Level 0.3 Conjurations
 + Level 0.3 Hexes
   Level 0.0 Charms
 + Level 0.3 Summonings
 + Level 0.3 Necromancy
 + Level 0.3 Translocations
 + Level 0.3 Transmutations
 + Level 0.3 Fire Magic
 + Level 0.3 Ice Magic
 + Level 0.3 Air Magic
 + Level 0.3 Earth Magic
 + Level 0.3 Poison Magic
 + Level 0.6 Invocations
 + Level 0.5 Evocations


You had 2 spell levels left.
You didn't know any spells.
Your spell library was empty.

Dungeon Overview and Level Annotations

Branches:
Dungeon (1/15)

Altars:
Xom


Innate Abilities, Weirdness & Mutations

Your experience applies equally to all skills.
You have very sharp teeth.
Your uncanny sense of smell can sniff out nearby items.
Scrolls take you a little longer to read.
You are very frail. (-20% HP)
You occasionally shout uncontrollably at your foes.


Message History

Ouch! That really hurt!
* * * LOW HITPOINT WARNING * * *
Xom thinks this is hilarious!
A shower of butterflies erupts from you!
You swap places.
The quasit closely misses your butterfly.
The quasit completely misses your butterfly.
The quasit barely misses your butterfly.
The sun demon hits your butterfly!
Your butterfly dies!
You swap places.
The sun demon misses your butterfly.
The sun demon barely misses your butterfly.
There is an open door here.
You open the door.
There is an open door here.
There's a creature in the doorway!
Your butterfly disappears in a puff of smoke!
The sun demon hits you!
You die...

#+# #.#.# ######### #.#.#
#...b35.. #.#.##### #.######.
..+.....†.# #.# #b ..#.#.###.#
#.# #. ....#...#.## #.# #.
(...#....).# ##'## #.
#+#......#..#######...#####.
#.#.##..##.@35.b..'...'.....
#.#.##.......######...######
#................ #...#
#######..#.#....##.## #...#
#................#+#####'##
#.######.#.###.#..........#####
#^.............#................
########.#.###.............#####
..........................#


You could see a sun demon (summoned) and a quasit (summoned).

Vanquished Creatures
  A dart slug (D:1)
  2 hobgoblins (D:1)
  3 jackals (D:1)
  3 kobolds (D:1)
  A frilled lizard (D:1)
  4 goblins (D:1)
  A rat (D:1)
15 creatures vanquished.

Notes
Turn   | Place    | Note
-------+----------+-------------------------------------------
     0 | D:1      | AlyK the Gnoll Chaos Knight began the quest for the Orb.
     0 | D:1      | Reached XP level 1. HP: 23/23 MP: 1/1
   545 | D:1      | XOM: silly message
   546 | D:1      | XOM: 4-stop teleportation journey
   589 | D:1      | Reached XP level 2. HP: 29/29 MP: 2/2
   622 | D:1      | XOM: scenery: create altars
   796 | D:1      | XOM: give mutations
   796 | D:1      | Gained mutation: You are frail. (-10% HP) [Xom's mischief]
   796 | D:1      | Gained mutation: Scrolls take you a little longer to read.
                  | [Xom's mischief]
   796 | D:1      | Gained mutation: You are very frail. (-20% HP) [Xom's
                  | mischief]
   816 | D:1      | XOM: give mutation
   816 | D:1      | Gained mutation: You occasionally shout uncontrollably at
                  | your foes. [Xom's mischief]
   913 | D:1      | XOM: summons 2 hostile demons
   914 | D:1      | Noticed a sun demon
   914 | D:1      | XOM: butterfly on damage
   934 | D:1      | Slain by a sun demon

Illustrated notes

Levels and vault maps discovered:
D:1:      scummos_arrival_gate, layout_basic

Action                   || total
-------------------------++-------
Melee: Falchion          ||    30
       Bite              ||     6
Armor: Leather armour    ||    15
Dodge: Dodged            ||    23
       Rpst.: Falchion   ||    11

Table legend: (Time is in decaauts)
 A = Elapsed time spent in this place.
 B = Non-inter-level travel time spent in this place.
 C = Inter-level travel time spent in this place.
 D = Time resting spent in this place.
 E = Time spent auto-exploring this place.
 F = Levels seen in this place.
 G = Mean time per level.
                   A        B        C        D        E       F      G
               +--------+--------+--------+--------+--------+-----+--------+
         Total |    933 |    933 |      0 |    546 |    298 |   1 |  933.0 |
       Dungeon |    933 |    933 |      0 |    546 |    298 |   1 |  933.0 |
               +--------+--------+--------+--------+--------+-----+--------+
